 Dungeon Crawl Stone Soup version 0.29.1-1-gd02db6906a (webtiles) character file.

Game seed: 9861348115777151753

24 Anriel the Poker (level 2, -1/19 (22) HPs)
             Began as a Demonspawn Gladiator on Oct 12, 2022.
             Slain by a necrophage (5 damage)
             ... on level 1 of the Dungeon.
             The game lasted 00:05:34 (715 turns).

Anriel the Poker (Demonspawn Gladiator)              Turns: 715, Time: 00:05:35

HP:   -1/19 (22)    AC:  5    Str: 14    XL:     2   Next: 79%
MP:   2/2           EV: 12    Int: 11    God:
Gold: 110           SH:  0    Dex: 14    Spells: 1/1 levels left

rFire   . . .      SeeInvis .   a - +0 trident
rCold   . . .      Faith    .   (no shield)
rNeg    . . .      Spirit   .   b - +0 leather armour
rPois   .          Reflect  .   c - +0 helmet
rElec   .          Harm     .   m - +0 cloak
rCorr   .          Rampage  .   (no gloves)
Will    .....                   (no boots)
Stlth   +.........              (no amulet)
HPRegen 0.06/turn               (no ring)
MPRegen 0.08/turn               (no ring)

@: heavily drained
A: big brain 1
a: no special abilities


You were on level 1 of the Dungeon.
You visited 1 branch of the dungeon, and saw 2 of its levels.

You collected 110 gold pieces.

Inventory:

Hand Weapons
 a - a +0 trident (weapon)
Missiles
 d - 3 throwing nets (quivered)
 e - a javelin
Armour
 b - a +0 leather armour (worn)
 c - a +0 helmet (worn)
 m - a +0 cloak (worn)
 o - a +0 plate armour
Scrolls
 f - a scroll of butterflies {unknown}
 g - a scroll of blinking {unknown}
 j - 2 scrolls of identify {unknown}
 k - a scroll of enchant armour {unknown}
Potions
 h - a potion of heal wounds {unknown}
 i - a potion of mutation {unknown}
 l - 2 potions of lignification {unknown}
 n - a potion of brilliance {unknown}


   Skills:
 + Level 2.1 Fighting
 + Level 3.2 Polearms
 + Level 2.0 Throwing
 + Level 0.1 Armour
 * Level 2.9 Dodging


You had one spell level left.
You didn't know any spells.
Your spell library was empty.

Dungeon Overview and Level Annotations

Branches:
Dungeon (2/15)

Altars:

Annotations:
D:2 Terence


Innate Abilities, Weirdness & Mutations

You have an unusually large brain. (Int +2)


Message History

There is a stone staircase leading down here.
You start waiting.
Your transformation is almost over.
You feel less porcine.
Your +0 trident unmelds from your body.
Your +0 cloak unmelds from your body.
Your +0 helmet unmelds from your body.
Your +0 leather armour unmelds from your body.
You climb downwards.
Level annotation: Terence The goblin shouts!
A ball python comes into view.
The giant cockroach closely misses you.
The giant cockroach bites you but does no damage.
There is a stone staircase leading up here.
The ball python hisses angrily.
The necrophage hits you. Terence misses you. The goblin barely misses you.
The giant cockroach barely misses you.
You climb upwards.
There is a stone staircase leading down here.
The giant cockroach attacks as you move away!
The giant cockroach closely misses you. The necrophage hits you.
You feel drained.
The necrophage attacks as you move away!
The necrophage closely misses you.
You hit the necrophage but do no damage.
The goblin barely misses you. The necrophage closely misses you.
The goblin barely misses you.
The necrophage hits you but does no damage.
You closely miss the necrophage. The goblin hits you but does no damage.
The necrophage hits you.
You hit the necrophage.
The necrophage is lightly damaged.
The goblin hits you but does no damage. The necrophage hits you.
You feel drained.
You barely miss the necrophage.
The necrophage is lightly damaged.
The goblin hits you with a +0 club.
* * * LOW HITPOINT WARNING * * *
The necrophage hits you.
You die...

############ #..........#
###..........# ########
#.'..........# #......#######
#.#..........# #......##....#
..#..........# #......##.##.#
##...........###.......#.#..#
.............>Bg@........#.##
##.###.........n...........#
#.##.........##.......##..#
#.##.........##......###..###
#.##.........##......# #....#
##.......#..#.##......#
##†#.#
......##.#..#.##......# #.#.#
###.........#.##......# #.#.#
#.##.#.##.#.###+#'######.#.#


You could see a necrophage, a giant cockroach and a goblin.

Vanquished Creatures
  2 dart slugs (D:1)
  2 endoplasms (D:1)
  5 hobgoblins (D:1)
  2 jackals (D:1)
  2 ball pythons (D:1)
  A bat (D:1)
  A frilled lizard (D:1)
  2 kobolds (D:1)
  A rat (D:1)
18 creatures vanquished.

Notes
Turn   | Place    | Note
-------+----------+-------------------------------------------
     0 | D:1      | Anriel the Demonspawn Gladiator began the quest for the
                  | Orb.
     0 | D:1      | Reached XP level 1. HP: 16/16 MP: 1/1
   115 | D:1      | Gained mutation: You have an unusually large brain. (Int
                  | +2) [demonic ancestry]
   115 | D:1      | Reached XP level 2. HP: 19/22 MP: 2/2
   134 | D:1      | Reached skill level 3 in Polearms
   421 | D:1      | Found a faded altar of an unknown god.
   680 | D:2      | Noticed Terence
   682 | D:2      | Noticed a necrophage
   715 | D:1      | Slain by a necrophage

Illustrated notes

Levels and vault maps discovered:
D:1:      sevenhm_arrival_forest_fort_large_4, layout_basic,
          ebering_ecumenical_altar_petrified
D:2:      layout_rooms, uniq_jessica, uniq_terence, uniq_crazy_yiuf_cottage

Skill      XL: |  1  2 |
---------------+-------+-----
Polearms       | 3 |  3.2
Throwing       | 2 |  2.0
Fighting       | |  2.1
Armour         | |  0.1
Dodging        | |  2.9

Action                   || total
-------------------------++-------
Melee: Trident           ||    64
Armor: Leather armour    ||    24
Dodge: Dodged            ||    55
